 Dungeon Crawl Stone Soup version 0.30-a0-986-g7f2e898f52 (webtiles) character file.

Game seed: 15905753167192316319

19 DeathPants the Caller (level 2, -1/14 HPs)
             Began as a Vine Stalker Summoner on Apr 1, 2023.
             Slain by a jackal (2 damage)
             ... on level 1 of the Dungeon.
             The game lasted 00:01:54 (416 turns).

DeathPants the Caller (Vine Stalker Summoner)        Turns: 416, Time: 00:01:54

Health: -1/14      AC:  2    Str: 10    XL:     2   Next: 75%
Magic:  0/6        EV: 12    Int: 15    God:
Gold:   0          SH:  5    Dex: 14    Spells: 5/6 levels left

rFire   . . .      SeeInvis .    (no weapon)
rCold   . . .      Faith    .    (no shield)
rNeg    . . .      Spirit   +    a - +0 robe
rPois   .          Reflect  +    (no helmet)
rElec   .          Rampage  .    (no cloak)
rCorr   .                        (no gloves)
Will    .....                    (no boots)
Stlth   ++                       c - amulet of reflection
HPRegen 0.22/turn                (no ring)
MPRegen 0.10/turn                (no ring)

@: no status effects
A: fangs 2, magic shield, antimagic bite, no potion heal 2
a: no special abilities


You were on level 1 of the Dungeon.
You visited 1 branch of the dungeon, and saw 2 of its levels.

Inventory:

Missiles
 e - a throwing net
 f - 2 javelins
Armour
 a - a +0 robe (worn)
Jewellery
 c - an amulet of reflection (around neck)
Scrolls
 d - a scroll of fear {unknown}
 g - a scroll of identify {unknown}
Potions
 b - a potion of magic


   Skills:
 + Level 1.0 Fighting
 - Level 1.5 Dodging
 - Level 2.4 Stealth
 + Level 2.6 Spellcasting
 + Level 4.2 Summonings


You had 5 spell levels left.
You knew the following spells:

 Your Spells              Type           Power      Damage    Failure   Level
a - Summon Small Mammal   Summ           56%        N/A       3%          1

Your spell library contained the following spells:

 Spells                   Type           Power      Damage    Failure   Level
 Call Imp                 Summ           14%        N/A       5%          2
 Call Canine Familiar     Summ           14%        N/A       11%         3
 Summon Guardian Golem    Hex/Summ       8%         N/A       26%         3
 Summon Lightning Spire   Summ/Air       8%         N/A       65%         4


Dungeon Overview and Level Annotations

Branches:
Dungeon (2/15)

Altars:


Innate Abilities, Weirdness & Mutations

You have extremely sharp teeth.
When hurt, damage is shared between your health and your magic reserves.
Your bite disrupts and absorbs the magic of your enemies.
Potions cannot restore your health.


Message History

The jackal is heavily wounded.
Your bat hits the jackal but does no damage.
The jackal bites your bat.
Your bat dies!
Your bat's corpse disappears in a puff of smoke!
Your quokka bites the jackal.
You hit the jackal. Your bite misses the jackal.
The jackal is almost dead.
The jackal closely misses you.
Your quokka misses the jackal. The jackal closely misses you.
The jackal bites you but does no damage.
You hit the jackal.
You kill the jackal!
You block the jackal's attack.
You hit the jackal. Your bite misses the jackal.
The jackal is severely wounded.
The jackal bites you. The jackal closely misses you.
You closely miss the jackal. Your bite misses the jackal.
The jackal is severely wounded.
The jackal bites you.
* * * LOW HITPOINT WARNING * * *
The jackal bites you.
* * * LOW HITPOINT WARNING * * *
Your quokka misses the jackal. The jackal closely misses you.
The jackal barely misses you.
Your quokka closely misses the jackal.
The jackal bites you.
Your quokka misses the jackal. You block the jackal's attack.
The jackal attacks as you move away! The jackal barely misses you.
Your quokka bites the jackal.
The jackal dies!
The jackal closely misses you. The jackal barely misses you.
You hit the jackal but do no damage. Your bite misses the jackal.
The jackal is moderately wounded.
Your quokka barely misses the jackal.
The jackal closely misses you. The jackal bites you.
* * * LOW HITPOINT WARNING * * *
Your quokka closely misses the jackal.
The jackal attacks as you move away! The jackal bites you.
You die...

....###.#....
.†..#...#...
....#.#.#†.
....#.#.#.#
#'#...#.#.########
................>.
..#.....#†######.#
..#.#####.# #.#
#.#.......######@#
#.#####...†...rh.#
... #..........#
#.#. #..........#
#.#.# #..........#
..# #..........#.#
#........?.#.#
............#.#
............#.#


You could see a jackal (ally target) and a friendly quokka (summoned).

Vanquished Creatures
  A ball python (D:1)
  2 jackals (D:1)
  3 bats (D:1)
  A rat (D:1)
7 creatures vanquished.

Vanquished Creatures (collateral kills)
  A ball python (D:1)
  A hobgoblin (D:1)
  5 jackals (D:1)
  A quokka (D:1)
  2 bats (D:1)
10 creatures vanquished.

Grand Total: 17 creatures vanquished

Notes
Turn   | Place    | Note
-------+----------+-------------------------------------------
     0 | D:1      | DeathPants the Vine Stalker Summoner began the quest for
                  | the Orb.
     0 | D:1      | Reached XP level 1. HP: 9/9 MP: 4/4
   223 | D:1      | Reached XP level 2. HP: 9/14 MP: 3/6
   390 | D:1      | Reached skill level 1 in Fighting
   416 | D:1      | Slain by a jackal

Illustrated notes

Levels and vault maps discovered:
D:1:      dpeg_arrival_shelter, layout_basic, kennysheep_minor_cross,
          minmay_misc_feat_four_crosses
D:2:      layout_basic

Skill      XL: |  1  2 |
---------------+-------+-----
Fighting       | 1 |  1.0
Dodging        | |  1.5
Stealth        | |  2.4
Spellcasting   | |  2.6
Summonings     | |  4.2

Action                     || total
---------------------------++-------
  Melee: Unarmed           ||    35
         Bite              ||     7
   Cast: Summon Small Mamm ||    19
 Armour: Robe              ||    26
  Dodge: Dodged            ||    60
  Block: Other             ||    12

Table legend: (Time is in decaauts)
 A = Elapsed time spent in this place.
 B = Non-inter-level travel time spent in this place.
 C = Inter-level travel time spent in this place.
 D = Time resting spent in this place.
 E = Time spent auto-exploring this place.
 F = Levels seen in this place.
 G = Mean time per level.
                   A        B        C        D        E       F      G
               +--------+--------+--------+--------+--------+-----+--------+
         Total |    416 |    416 |      0 |      0 |    218 |   2 |  208.0 |
       Dungeon |    416 |    416 |      0 |      0 |    218 |   2 |  208.0 |
               +--------+--------+--------+--------+--------+-----+--------+

Top non-repeatable levels by time:
     D:1: 414 daAuts
     D:2: 1 daAuts
